Map: Вечная империя РВ

Players

Lopatqa - Winner!

  • Race: Zerg Zerg
  • Spawn Location: 1:00

Kantara

  • Race: Protoss Protoss
  • League: Diamond
  • Spawn Location: 7:00

VOD

Have the link to the VOD?

Description

Time

  • Played on: Nov. 16, 2020, 4:23 p.m.
  • Length: 17:05
Show
View Real Time Build Order
Export as new Build Order

Lopatqa Zerg - Winner!

Build Orders: Hatch First, Lurkers 

Get SALT Encoding   

  12  0:00  Drone  
  13  0:12  Overlord  
  13  0:18  Drone  
  14  0:32  Drone x2  
  14  0:35  Drone  
  17  0:52  Hatchery  
  17  0:55  Drone  
  17  0:59  Drone  
  18  1:09  Extractor  
  17  1:14  Spawning Pool  
  17  1:18  Drone  
  17  1:20  Drone  
  18  1:29  Drone  
  19  1:42  Overlord  
  19  1:52  Drone  
  20  2:01  Queen  
  20  2:02  Zergling x2  
  20  2:06  Zergling x2, Queen  
  26  2:17  Drone x2  
  28  2:35  Drone x2  
  30  2:43  Overlord  
  30  2:48  Metabolic Boost, Hatchery  
  29  2:57  Drone x2  
  31  3:03  Drone x2  
  33  3:15  Drone x2  
  33  3:17  Drone  
  36  3:20  Overlord  
  36  3:28  Overlord  
  36  3:32  Overlord  
  36  3:38  Queen  
  38  3:44  Roach Warren  
  38  3:45  Drone x4  
  41  3:52  Drone  
  42  4:02  Drone x5  
  47  4:03  Drone  
  47  4:05  Queen  
  50  4:17  Lair  
  50  4:19  Extractor  
  50  4:21  Extractor  
  50  4:22  Drone x2  
  50  4:23  Drone  
  50  4:24  Drone x2  
  53  4:39  Roach x6  
  65  4:50  Overlord x2  
  65  4:51  Overlord x4  
  65  4:56  Burrow  
  65  4:59  Drone  
  66  5:09  Evolution Chamber  
  66  5:10  Roach  
  66  5:11  Roach x5  
  77  5:23  Roach x5  
  88  5:35  Roach  
  88  5:36  Roach x4  
  88  5:41  Zerg Missile Weapons Level 1  
  94  5:52  Zergling x6, Roach x3  
  95  6:03  Zergling x2, Roach  
  88  6:10  Zergling x2, Roach  
  88  6:11  Roach  
  90  6:22  Zergling x4, Roach  
  84  6:28  Zergling x2  
  82  6:36  Zergling x4, Roach  
  72  6:47  Zergling x4, Roach  
  75  6:55  Roach  
  71  7:05  Zergling x2, Roach  
  72  7:15  Queen x2, Zergling x2, Roach  
  73  7:33  Zergling x4, Roach  
  73  7:35  Zergling x2  
  69  7:50  Hatchery  
  69  7:51  Zerg Missile Weapons Level 2, Pneumatized Carapace  
  68  7:55  Queen  
  70  7:58  Drone  
  70  7:59  Drone x3  
  70  8:04  Extractor  
  73  8:08  Drone x2  
  73  8:12  Ravager x7, Hatchery  
  81  8:14  Hatchery  
  80  8:23  Drone x3  
  83  8:29  Drone x6  
  89  8:43  Drone x2  
  89  8:44  Roach  
  93  8:49  Overlord  
  93  8:52  Overseer  
  93  8:56  Overlord  
  93  9:05  Drone x5  
  98  9:10  Roach  
  98  9:11  Roach x3  
  98  9:16  Roach x2  
  110  9:25  Roach x3  
  110  9:28  Queen  
  110  9:29  Queen  
  110  9:31  Roach x3  
  126  9:36  Roach x5  
  136  9:42  Roach x2  
  136  9:44  Overlord x2  
  140  9:56  Drone, Hydralisk Den  
  140  9:59  Extractor, Drone  
  140  10:00  Extractor  
  140  10:01  Overlord x6  
  140  10:03  Roach  
  141  10:13  Zerg Ground Armor Level 1  
  141  10:16  Drone  
  141  10:17  Infestation Pit  
  141  10:23  Roach x7  
  155  10:39  Roach x7  
  155  10:40  Roach x3  
  175  10:51  Roach x6  
  175  10:56  Drone, Lurker Den  
  187  11:02  Glial Reconstitution  
  187  11:15  Drone x3  
  190  11:30  Ravager  
  190  11:31  Ravager x4  
  195  11:33  Unknown  
  190  11:51  Drone x3  
  193  11:55  Grooved Spines  
  193  12:13  Hydralisk x3  
  194  12:27  Hydralisk x5  
  199  12:38  Extractor x2  
  199  12:41  Hive  
  197  12:49  Hydralisk  
  199  13:06  Muscular Augments  
  199  13:26  Hydralisk  
  195  13:45  Lurker x3  
  195  13:46  Lurker x2  
  199  13:53  Seismic Spines  
  194  14:22  Hydralisk  
  194  14:23  Hydralisk x2  
  200  14:44  Adrenal Glands  
  200  14:47  Evolution Chamber x2  
  200  14:50  Adaptive Talons  
  198  15:05  Hydralisk  
  198  15:06  Hydralisk x5  
  195  15:17  Spire x2  
  193  15:39  Lurker  
  193  15:40  Lurker x4  
  198  15:44  Overlord x4  
  195  16:03  Overseer x2  
  195  16:04  Overseer x2  
Show
View Real Time Build Order
Export as new Build Order

Kantara Protoss 

Build Orders: 1 Gate Expand 

Get SALT Encoding   

  12  0:00  Probe  
  13  0:17  Probe, Pylon  
  14  0:30  Probe (Chrono Boost)  
  15  0:40  Gateway  
  15  0:41  Probe (Chrono Boost)  
  16  0:46  Probe (Chrono Boost)  
  17  0:50  Assimilator  
  17  0:56  Probe  
  18  1:08  Probe  
  19  1:20  Probe  
  20  1:32  Probe  
  21  1:33  Nexus  
  21  1:40  Cybernetics Core  
  21  1:44  Probe  
  22  1:48  Assimilator  
  22  1:56  Pylon  
  22  1:58  Probe  
  23  2:14  Probe (Chrono Boost)  
  24  2:18  Stalker  
  24  2:20  Warp Gate  
  26  2:26  Probe (Chrono Boost)  
  27  2:31  Robotics Facility  
  27  2:34  Probe (Chrono Boost)  
  28  2:42  Probe (Chrono Boost)  
  28  2:47  Probe (Chrono Boost)  
  29  2:56  Adept  
  29  2:57  Probe (Chrono Boost)  
  29  2:58  Probe (Chrono Boost)  
  33  3:02  Probe (Chrono Boost)  
  33  3:04  Probe  
  35  3:09  Gateway  
  35  3:15  Probe  
  35  3:16  Immortal (Chrono Boost), Probe  
  41  3:28  Gateway  
  41  3:35  Gateway  
  41  3:37  Pylon  
  41  3:41  Probe  
  42  3:50  Immortal (Chrono Boost)  
  42  3:55  Probe  
  47  3:56  Probe  
  47  4:02  Gateway  
  48  4:06  Gateway  
  48  4:09  Pylon  
  48  4:15  Probe  
  48  4:16  Probe  
  50  4:17  Sentry  
  50  4:18  Sentry  
  54  4:26  Warp Prism (Chrono Boost)  
  56  4:31  Gateway  
  56  4:38  Gateway  
  56  4:41  Sentry x2  
  60  4:48  Gateway  
  60  4:49  Gateway  
  60  4:57  Sentry  
  62  5:06  Pylon x2  
  62  5:08  Pylon  
  62  5:14  Pylon  
  62  5:26  Adept  
  62  5:27  Adept  
  66  5:32  Adept x5  
  74  5:54  Stalker x4  
  66  6:07  Stalker  
  68  6:13  Zealot x5  
  74  6:29  Zealot x3  
  74  6:30  Zealot x2  
  78  6:39  Sentry x2  
  74  6:43  Zealot x3  
  66  6:55  Zealot x3  
  66  6:56  Zealot x2  
  64  7:06  Stalker x3  
  64  7:07  Zealot  
  70  7:09  Zealot  
  52  7:37  Zealot x8  
  60  7:55  Twilight Council  
  60  7:57  Forge  
  60  8:00  Assimilator  
  60  8:02  Sentry x2  
  60  8:04  Assimilator  
  64  8:23  Stalker  
  64  8:24  Stalker  
  68  8:40  Immortal (Chrono Boost)  
  68  8:48  Robotics Facility  
  72  8:59  Nexus, Robotics Bay  
  72  9:01  Pylon  
  72  9:02  Protoss Ground Weapons Level 1 (Chrono Boost)  
  72  9:13  Assimilator  
  72  9:16  Probe x2  
  74  9:17  Assimilator  
  74  9:23  Charge (Chrono Boost)  
  74  9:28  Probe x2  
  76  9:37  Templar Archives  
  76  9:40  Probe x2  
  78  9:48  Adept x3  
  78  9:52  Probe x2  
  86  9:57  Photon Cannon  
  86  10:04  Probe x2  
  88  10:08  Colossus (Chrono Boost)  
  94  10:16  Probe  
  94  10:17  Probe  
  94  10:20  Stalker x2  
  100  10:28  Probe  
  101  10:36  Psionic Storm  
  101  10:40  Stalker  
  103  10:45  Immortal (Chrono Boost)  
  107  10:58  Observer (Chrono Boost)  
  107  11:03  Protoss Ground Weapons Level 2  
  107  11:04  Probe  
  109  11:19  Pylon  
  109  11:22  Pylon  
  109  11:23  Pylon  
  109  11:37  Probe x3  
  109  11:39  Nexus  
  112  11:42  Pylon  
  112  11:49  Probe x3  
  112  11:50  Shield Battery  
  115  11:54  High Templar x3  
  115  11:55  High Templar  
  115  11:57  High Templar  
  125  12:01  Probe x2  
  125  12:04  High Templar  
  125  12:05  High Templar  
  125  12:08  Archon x2  
  131  12:09  Archon  
  131  12:12  Probe  
  131  12:13  Probe x2  
  134  12:22  Zealot x3  
  134  12:24  Probe  
  129  12:31  Immortal (Chrono Boost)  
  129  12:34  Immortal (Chrono Boost)  
  129  12:36  Probe x2  
  139  12:45  Shield Battery  
  139  13:15  Photon Cannon  
  139  13:18  Photon Cannon  
  139  13:19  Photon Cannon  
  135  13:27  Zealot x4  
  135  13:28  Zealot x2  
  147  13:37  Protoss Ground Armor Level 1  
  147  13:40  Pylon  
  145  13:42  Pylon x2  
  145  13:44  Pylon x3  
  145  13:47  Pylon  
  145  14:00  Nexus, Immortal x2  
  153  14:06  Pylon  
  153  14:08  Probe x3  
  153  14:09  Pylon  
  156  14:13  Assimilator  
  156  14:18  Assimilator  
  140  14:29  Zealot x5  
  140  14:30  Zealot  
  145  14:31  High Templar  
  145  14:32  High Templar  
  149  14:42  Archon  
  149  14:47  Immortal  
  153  14:54  Probe x2  
  155  15:06  Probe  
  154  15:16  Probe x2  
  156  15:31  Nexus  
  156  15:34  Pylon  
  156  15:51  Probe x3  
  159  16:03  Probe x2  
  161  16:10  Zealot x8  
  177  16:22  Immortal  
  181  16:33  Shield Battery  
  181  16:35  Unknown  
Tags
 
Add a new tag
Caveats
  • Supply blocks, unpowered buildings, or Contaminate may cause inaccurate times.
  • Supply counts are checked every 10 seconds.